 Dungeon Crawl Stone Soup version 0.31.0-32-g396128a36d (webtiles) character file.

Game seed: 7026768881327572851

7225 H0rd4k the Martial Artist (level 11, -3/74 HPs)
             Began as an Octopode Artificer on Mar 15, 2024.
             Was an Initiate of Gozag.
             Slain by a reaper
             ... wielding a -4 scythe of freezing
              (28 damage)
             ... in an ice cave on Mar 18, 2024.
             The game lasted 00:18:26 (9515 turns).

H0rd4k the Martial Artist (Octopode Artificer)      Turns: 9515, Time: 00:18:26

Health: -3/74      AC:  9    Str: 12    XL:     11   Next: 11%
Magic:  10/22      EV: 13    Int: 23    God:    Gozag
Gold:   1404       SH:  5    Dex: 13    Spells: 21/24 levels left

rFire   . .          .
                       - Unarmed
rCold   . . .        (no shield)
rNeg    . . .        (helmet restricted)
rPois   .            L - amulet of reflection
rElec   .            n - +4 ring of protection
rCorr   .            a - +4 ring of slaying
SInv    .            q - +6 ring of intelligence
Will    .....        u - +4 ring of protection
Stlth   +++          (no ring)
HPRegen 0.32/turn    (no ring)
MPRegen 0.18/turn    (no ring)
                     (no ring)

%: reflection
@: about to teleport
A: almost no armour, amphibious, 8 rings, camouflage 1, gelatinous body 1,
(nimble swimmer 1), tentacles
a: Renounce Religion, Potion Petition, Call Merchant, Bribe Branch


You were in an ice cave.
You worshipped Gozag.
Gozag was most pleased with you.
You visited 2 branches of the dungeon, and saw 11 of its levels.
You also visited: Ice Cave.

You collected 1469 gold pieces.
You paid 65 gold pieces to Gozag.

Inventory:

Missiles
 t - 17 poisoned darts
 C - 3 throwing nets
 I - 2 atropa-tipped darts
Magical Staves
 s - a staff of air
 z - a staff of cold
Jewellery
 a - a +4 ring of slaying (right tentacle)
 n - a +4 ring of protection (left tentacle)
 q - a +6 ring of intelligence (on tentacle)
 u - a +4 ring of protection (on tentacle)
 L - an amulet of reflection (around mantle)
Talismans
 y - a serpent talisman
 B - a blade talisman
 K - a flux talisman
 M - a flux talisman
Wands
 c - a wand of charming (5)
 m - a wand of polymorph (6)
Scrolls
 f - a scroll of fog
 g - 3 scrolls of silence
 l - a scroll of poison
 v - 2 scrolls of enchant weapon
 w - 2 scrolls of noise
 x - a scroll of enchant armour
 G - 3 scrolls of vulnerability
 H - a scroll of teleportation
 J - 2 scrolls of amnesia
Potions
 b - a potion of degeneration {unknown}
 e - a potion of might
 h - a potion of curing
 i - a potion of ambrosia {unknown}
 j - a potion of heal wounds {unknown}
 k - a potion of enlightenment {unknown}
 o - a potion of lignification {unknown}
 A - a potion of resistance {unknown}
 D - a potion of cancellation {unknown}
 E - a potion of attraction {unknown}
 F - a potion of invisibility {unknown}


   Skills:
 + Level 6.6 Fighting
 - Level 2.3 Dodging
 - Level 1.3 Stealth
 + Level 3.1 Shields
 - Level 10.4 Unarmed Combat
 + Level 7.3 Spellcasting
 * Level 5.1 Translocations
 * Level 4.9 Fire Magic
 - Level 3.2 Evocations


You had 21 spell levels left.
You knew the following spells:

 Your Spells              Type           Power      Damage    Failure   Level
a - Volatile Blastmotes   Fire/Tloc      62%        2d15      2%          3

Your spell library contained the following spells:

 Spells                   Type           Power      Damage    Failure   Level
 Magic Dart               Conj           32%        1d4       8%          1
 Sting                    Conj/Alch      32%        1d5       8%          1
 Inner Flame              Hex/Fire       19%        N/A       9%          3
 Manifold Assault         Tloc           32%        N/A       9%          4
 Mercury Vapours          Alch/Air       16%        N/A       11%         2
 Searing Ray              Conj           16%        2d5       11%         2
 Dazzling Flash           Conj/Hex       16%        N/A       22%         3
 Fugue of the Fallen      Necr           8%         N/A       22%         3
 Ozocubu's Armour         Ice            8%         N/A       22%         3
 Flame Wave               Conj/Fire      19%        2d7       26%         4
 Ignite Poison            Fire/Alch      19%        N/A       26%         4
 Sticky Flame             Fire/Alch      19%        2d6       26%         4
 Cause Fear               Hex            4%         N/A       58%         4
 Fulminant Prism          Conj/Alch      4%         3d5       58%         4
 Olgreb's Toxic Radiance  Alch           8%         N/A       58%         4
 Fireball                 Conj/Fire      9%         3d6       58%         5
 Starburst                Conj/Fire      9%         6d5       99%         6
 Ignition                 Fire           15%        3d6       100%        8
 Maxwell's Capacitive Co  Air            4%         ∞         100%        8
 Dragon's Call            Summ           4%         N/A       100%        9


Dungeon Overview and Level Annotations

Branches:
Dungeon (12/15)            Temple (1/1) D:4            Lair (0/5) D:8
  IceCv (1/1)
    Orc: D:9-12

Altars:
Ashenzari
Cheibriados
Dithmenos
Elyvilon
Fedhas
Gozag
Kikubaaqudgha
Makhleb
Nemelex Xobeh
Okawaru
Qazlal
Ru
Sif Muna
Trog
Uskayaw
Vehumet
Wu Jian
Xom
Yredelemnul
Zin
The Shining One

Shops:
D:5 =

Annotations:
D:4 1 runed translucent door, exclusion: door, TangoThomas's ghost, weakling DsHu
D:7 Jeremiah; Joseph


Innate Abilities, Weirdness & Mutations

You cannot wear most types of armour.
You are amphibious.
You can wear up to eight rings at the same time.
Your skin changes colour to match your surroundings (Stealth+).
Your rubbery body absorbs attacks. (AC +1, EV +1)
((You are camouflaged when in or above water. (Stealth+)))
You have tentacles for arms and can constrict up to eight enemies at once.


Message History

You constrict the ice devil, but do no damage.
The ice devil hits you but does no damage.
You bludgeon the ice devil! You squeeze the ice devil.
The ice devil is moderately wounded.
You constrict the ice devil, but do no damage.
You tentacle-slap the ice devil. You squeeze the ice devil.
The ice devil is heavily wounded.
You constrict the ice devil, but do no damage.
The ice devil is no longer distracted by gold.
The ice devil misses you.
You tentacle-slap the ice devil but do no damage.
The ice devil is heavily wounded.
You constrict the ice devil, but do no damage.
The ice devil hits you. The ice devil freezes you!
The ice devil is distracted by your dazzling golden aura.
The spriggan simulacrum misses you.
You tentacle-slap the ice devil but do no damage.
The ice devil is heavily wounded.
You constrict the ice devil, but do no damage.
The ice devil hits you! The ice devil freezes you!
Blink to where?
Press: ? - help, Dir - move target, p - ice devil You lose your grip on the ice devil.
A reaper comes into view.
It is wielding a -4 scythe of freezing and wearing a +0 robe of cold resistance.
As you read the scroll of blinking, it crumbles to dust.
The reaper hits you with a -4 scythe of freezing.
The reaper drags you backwards! The reaper freezes you.
Unknown command.
Okay, then.
Okay, then.
As you read the scroll of teleportation, it crumbles to dust.
You feel strangely unstable. The reaper beckons to you.
The reaper hits you with a -4 scythe of freezing.
The reaper drags you backwards! The reaper freezes you.
A white imp comes into view.
Found 6 stones.
The reaper hits you from afar with a -4 scythe of freezing!!
You die...
Your body crumbles into a pile of gold.

# (## ... ##.###
###.5...# ###......#
####.....#
###..#.@.2.#
##..4..###..#
##....44.....#
#§$.....##......# #4
##.......##......
##..
##......○#........#.#
##......####..##...
###.....§.§.##...
###.°§#....... #


You could see a reaper, 2 ice devils and a white imp (wandering).

Vanquished Creatures
  2 ice statues (IceCv)
  Maggie (D:7)
  An unseen horror (D:12)
  4 ice devils (IceCv)
  Prince Ribbit (D:5)
  A shadow (D:8)
  A wraith (D:12)
  Eustachio (D:5)
  2 death yak simulacra (IceCv)
  Menkaure (D:7)
  A steam dragon (D:8)
  2 harpy simulacra (IceCv)
  An orc warrior (D:7)
  A sky beast (D:7)
  2 black bears
  2 ice beasts
  An ogre (D:4)
  2 centaurs
  A kobold brigand (D:6)
  Blork the orc (D:5)
  4 bullfrogs
  A gnoll sergeant (D:9)
  3 two-headed ogre simulacra (IceCv)
  2 cane toad simulacra (IceCv)
  4 scorpions
  8 wights
  5 killer bees (D:7)
  A bombardier beetle (D:4)
  4 hounds
  An orc priest (D:9)
  A gnoll bouda (D:7)
  2 iguanas
  4 sleepcaps
  10 orc wizards
  2 polar bear simulacra (IceCv)
  2 spriggan simulacra (IceCv)
  4 troll simulacra (IceCv)
  11 gnolls
  7 adders
  2 naga simulacra (IceCv)
  A shadow imp (D:6)
  11 white imps
  An ufetubus (IceCv)
  5 ribbon worms
  2 dart slugs (D:3)
  24 orcs
  7 ball pythons
  7 endoplasms
  3 giant cockroaches
  4 goblins
  3 hobgoblins
  2 jackals (D:4)
  4 quokkas
  6 bats
  5 frilled lizards
  5 kobolds
  4 rats
201 creatures vanquished.

Vanquished Creatures (collateral kills)
  A black bear (D:4)
  An ogre (D:5)
  2 iguanas
  4 orcs
  A hobgoblin (D:4)
  A quokka (D:5)
10 creatures vanquished.

Vanquished Creatures (others)
  Edmund (D:5)
  An orc wizard (D:5)
  2 white imps (D:12)
4 creatures vanquished.

Grand Total: 215 creatures vanquished

Notes
Turn   | Place    | Note
-------+----------+-------------------------------------------
     0 | D:1      | H0rd4k the Octopode Artificer began the quest for the Orb.
     0 | D:1      | Reached XP level 1. HP: 13/13 MP: 1/1
   111 | D:1      | Reached skill level 1 in Unarmed Combat
   126 | D:1      | Reached XP level 2. HP: 13/18 MP: 2/2
   480 | D:1      | Reached skill level 2 in Unarmed Combat
   480 | D:1      | Reached XP level 3. HP: 8/24 MP: 3/3
  1552 | D:3      | Reached skill level 3 in Unarmed Combat
  1552 | D:3      | Reached XP level 4. HP: 29/29 MP: 4/4
  1565 | D:3      | Found a faded altar of an unknown god.
  2203 | D:4      | Found a staircase to the Ecumenical Temple.
  2212 | D:4      | Reached skill level 4 in Unarmed Combat
  2212 | D:4      | Reached XP level 5. HP: 27/34 MP: 5/5
  2216 | Temple   | Entered the Ecumenical Temple
  2257 | Temple   | Became a worshipper of Gozag Ym Sagoz the Greedy
  2290 | D:4      | Noticed an ogre
  2298 | D:4      | Killed an ogre
  2364 | D:4      | Reached skill level 5 in Unarmed Combat
  2364 | D:4      | Reached XP level 6. HP: 29/39 MP: 6/6
  2493 | D:4      | Found a sparkling altar of Nemelex Xobeh.
  2583 | D:4      | Found a runed translucent door.
  2586 | D:4      | Noticed TangoThomas's ghost (weakling DsHu)
  2660 | D:4      | Noticed a black bear
  2661 | D:4      | Found a bloodstained altar of Trog.
  2661 | D:4      | Noticed a black bear
  2693 | D:4      | Killed a black bear
  2694 | D:4      | Reached skill level 6 in Unarmed Combat
  2762 | D:4      | Killed a black bear
  3115 | D:5      | Entered Level 5 of the Dungeon
  3243 | D:5      | Reached XP level 7. HP: 45/45 MP: 7/7
  3262 | D:5      | Found a basalt altar of Yredelemnul.
  3330 | D:5      | Noticed Blork the orc
  3333 | D:5      | Killed Blork the orc
  3337 | D:5      | Noticed Eustachio
  3342 | D:5      | Killed Eustachio
  3343 | D:5      | Reached skill level 7 in Unarmed Combat
  3396 | D:5      | Noticed Edmund
  3398 | D:5      | Noticed Prince Ribbit
  3424 | D:5      | Reached skill level 8 in Unarmed Combat
  3435 | D:5      | Your ally Edmund died
  3436 | D:5      | Reached XP level 8. HP: 51/51 MP: 8/8
  3442 | D:5      | Killed Prince Ribbit
  3443 | D:5      | Reached skill level 9 in Unarmed Combat
  4103 | D:5      | Found Rocapropabb's Jewellery Boutique.
  4199 | D:5      | Reached skill level 10 in Unarmed Combat
  4527 | D:6      | Reached skill level 1 in Spellcasting
  4527 | D:6      | Reached XP level 9. HP: 56/56 MP: 8/11
  5073 | D:7      | Noticed Jeremiah
  5633 | D:7      | Found a stormy altar of Qazlal.
  5669 | D:7      | Reached skill level 5 in Spellcasting
  5972 | D:7      | Noticed Menkaure
  5978 | D:7      | Killed Menkaure
  6024 | D:7      | Noticed Maggie
  6032 | D:7      | Killed Maggie
  6058 | D:7      | Reached skill level 5 in Fighting
  6058 | D:7      | Reached XP level 10. HP: 66/66 MP: 18/20
  6163 | D:7      | Found a hide-covered altar of Uskayaw.
  6191 | D:7      | Noticed Joseph
  6410 | D:7      | Learned a level 3 spell: Volatile Blastmotes
  6502 | D:8      | Found a staircase to the Lair.
  6590 | D:8      | Reached skill level 1 in Translocations
  6590 | D:8      | Reached skill level 1 in Fire Magic
  7175 | D:9      | You fall into a shaft and drop 3 floors!
  7235 | D:12     | Noticed a boulder beetle
  7274 | D:12     | Killed an unseen horror
  7363 | D:12     | Found a frozen archway.
  7488 | IceCv    | Entered an ice cave
  7510 | IceCv    | Reached skill level 1 in Shields
  8140 | IceCv    | Noticed an ice statue
  8140 | IceCv    | Noticed an ice statue
  8300 | IceCv    | Killed an ice statue
  8374 | IceCv    | Killed an ice statue
  8972 | IceCv    | Reached XP level 11. HP: 27/74 MP: 14/21
  9389 | IceCv    | Reached skill level 5 in Translocations
  9513 | IceCv    | Noticed a reaper
  9515 | IceCv    | Slain by a reaper

Illustrated notes

Levels and vault maps discovered:
D:1:      dpeg_arrival_rooms_b, layout_basic
D:2:      layout_rooms
D:3:      layout_loops_ring, basic_ecumenical_altar
D:4:      layout_loops_ring, nemelex_dance_club_becter, trog_ov_bears_minmay,
          minmay_temple_entry_hall, hellmonk_ghost_happy_afterlife,
          minmay_distorted
D:5:      layout_basic, mainiacjoe_overflow_paths, serial_shops,
          nicolae_shop_window_shopping, serial_co_window_serial,
          co_window_paths_b, co_window_of_opportunity_a, co_window_paths_a,
          co_window_paths_a, co_window_of_opportunity_a,
          co_window_of_opportunity_a, co_window_corner_b, co_window_corner_ca,
          co_window_of_opportunity_c, co_window_broadway_c, co_window_paths_c,
          co_window_cross_4, co_window_4corner_a, glass_columns_a,
          glass_columns_c, glass_columns_b, glass_columns_a, glass_columns_c,
          uniq_eustachio, uniq_edmund, uniq_prince_ribbit1, uniq_blork_the_orc
D:6:      layout_rooms, chequers_serial_rivers_small_a, kennysheep_small_circle
D:7:      layout_loops_corners, mainiacjoe_overflow_alcove_2,
          mainiacjoe_overflow_brackets, uniq_joseph, uniq_jeremiah,
          uniq_menkaure, uniq_maggie
D:8:      layout_rooms, lair_entry_dummy
D:9:      layout_basic, erik_orc_1, uniq_pikel
D:12:     layout_gridville, portal_ice_cave_entry_imps
Temple:   nicolae_temple_bog_church
IceCv:    ice_cave_small_demon

Skill      XL: |  1  2  3  4  5  6  7  8  9 10 11 |
---------------+----------------------------------+-----
Unarmed Combat | 1 2 3 4 5 6 8 10 | 10.4
Fighting       | 2 3 5 6 |  6.6
Spellcasting   | 1 6 7 |  7.3
Translocations | 4 5 |  5.1
Fire Magic     | 4 |  4.9
Shields        | 2 3 |  3.1
Dodging        | |  2.3
Stealth        | |  1.3
Evocations     | |  3.2

Action                     |  1- 3 |  4- 6 |  7- 9 | 10-12 || total
---------------------------+-------+-------+-------+-------++-------
  Melee: Unarmed           |    89 |    70 |   172 |   210 ||   541
         Constrict         |    27 |    20 |    49 |    21 ||   117
         Tentacles         |    21 |    15 |    52 |    62 ||   150
         Punch             |     1 |     3 |     9 |    17 ||    30
   Cast: Volatile Blastmot |       |       |       |    15 ||    15
  Evoke: Wand              |       |    10 |    23 |     9 ||    42
    Use: Scroll            |       |       |       |    15 ||    15
         Potion            |       |       |       |     2 ||     2
   Stab: Sleeping          |    14 |     7 |     4 |     4 ||    29
         Distracted        |       |     1 |       |       ||     1
 Armour: Skin              |    37 |    20 |    81 |   130 ||   268
  Dodge: Dodged            |    44 |    36 |    80 |    67 ||   227
  Block: Other             |       |       |       |    34 ||    34
         Reflection        |       |       |       |     1 ||     1
